 Dungeon Crawl Stone Soup version 0.17-a0-1115-g0372368 (console) character file.

33 Monkaria the Skirmisher (level 3, -1/30 HPs)
             Began as a Demonspawn Chaos Knight on May 23, 2015.
             Slain by a gnoll
             ... wielding a +0 flail
              (7 damage)
             ... on level 1 of the Dungeon.
             The game lasted 00:01:03 (459 turns).

Monkaria the Skirmisher (Demonspawn Chaos Knight)    Turns: 459, Time: 00:01:03

Health: -1/30      AC:  5    Str: 13    XL:     3   Next: 12%
Magic:  3/3        EV: 11    Int: 11    God:    Xom [..*...]
Gold:   76         SH:  0    Dex: 12    Spells: 0 memorised, 2 levels left

rFire  . . .     SeeInvis .     a - +0 falchion (chaos)
rCold  . . .     Clarity  .     b - +2 leather armour
rNeg   . . .     SustAt   .     (no shield)
rPois  .         Gourm    .     (helmet restricted)
rElec  .         Spirit   .     (no cloak)
rCorr  .         Warding  .     (no gloves)
rMut   .         Stasis   .     (no boots)
MR     .....                    (no amulet)
Stlth  +.........               (no ring)
                                o - -2 ring of intelligence (curse)

@: not resistant to hostile enchantments, very unstealthy
A: horns 1
a: Renounce Religion


You were on level 1 of the Dungeon.
You worshipped Xom.
You were a toy of Xom.
You were not hungry.

You visited 1 branch of the dungeon, and saw 1 of its levels.

You collected 76 gold pieces.

Inventory:

Hand weapons
 a - a +0 falchion of chaos (weapon)
Armour
 b - a +2 leather armour (worn)
Jewellery
 e - an uncursed ring of fire
 f - an uncursed ring of ice
 o - a cursed -2 ring of intelligence (left hand)
Scrolls
 j - 2 scrolls of teleportation {unknown}
 k - 2 scrolls of fear {unknown}
 m - 2 scrolls of identify {unknown}
 n - a scroll of noise {unknown}
Potions
 d - a potion of agility {unknown}
 g - 2 potions of lignification {unknown}
 l - a potion of curing {unknown}
Comestibles
 c - 2 bread rations
 i - a meat ration
 p - a chunk of flesh


   Skills:
 - Level 4.1 Fighting
 - Level 2.6 Long Blades
 + Level 2.0 Armour
 - Level 0.8 Dodging


You had 2 spell levels left.
You didn't know any spells.

Dungeon Overview and Level Annotations

Branches:
Dungeon (1/15)

Altars:
Ashenzari


Innate Abilities, Weirdness & Mutations

You have a pair of small horns on your head.


Message History

You closely miss the gnoll. Your headbutt misses the gnoll.
The gnoll is severely wounded.
The gnoll hits you with a flail. The gnoll hits you with a flail!
* * * LOW HITPOINT WARNING * * *
You are too injured to fight recklessly!
You are too injured to fight recklessly!
You are too injured to fight recklessly!
You are too injured to fight recklessly!
You are too injured to fight recklessly!
You are too injured to fight recklessly!
You are too injured to fight recklessly!
You are too injured to fight recklessly!
You barely miss the gnoll.
The gnoll is severely wounded.
Xom smirks.
You detect nothing.
The gnoll barely misses you.
You closely miss the gnoll. You headbutt the gnoll.
The gnoll is almost dead.
The gnoll hits you with a flail!
You die...

♣....♣#...##≈♣
####..#.#+#≈≈♣♣
#..#..#.#<#≈≈≈♣
#..#..#'###≈≈≈♣###
#..#♣......≈≈≈♣#..
#''#♣.....≈≈≈≈≈#.#
#..######†)888≈#.#######
#....†..##≈≈≈≈≈#g.......
######†.<#≈≈≈≈≈#@# ♣♣♣
#...#.≈≈≈♣#.#
#..♣##.##.≈≈≈♣#.#
#..♣#'#..≈≈♣♣#.#
#...†....♣≈♣##.#
###.....♣♣###..# #♣♣..♣♣
#....#
#############.#..######
........................


You could see a gnoll.

Vanquished Creatures
  2 oozes (D:1)
  A giant cockroach (D:1)
  5 hobgoblins (D:1)
  2 jackals (D:1)
  A ball python (D:1)
  3 bats (D:1)
  2 giant newts (D:1)
  2 goblins (D:1)
  2 kobolds (D:1)
  6 rats (D:1)
26 creatures vanquished.

Notes
Turn   | Place    | Note
--------------------------------------------------------------
     0 | D:1      | Monkaria the Demonspawn Chaos Knight began the quest for the Orb.
     0 | D:1      | Reached XP level 1. HP: 18/18 MP: 1/1
    63 | D:1      | Gained mutation: You have a pair of small horns on your head. [demonic ancestry]
    63 | D:1      | Reached XP level 2. HP: 15/25 MP: 2/2
   229 | D:1      | Reached skill level 4 in Fighting
   282 | D:1      | Found a shattered altar of Ashenzari.
   416 | D:1      | Reached XP level 3. HP: 26/30 MP: 3/3
   458 | D:1      | XOM: divination: detect items
   459 | D:1      | Slain by a gnoll

Vault maps used:
D:1:      sevenhm_arrival_forest_fort_small_5, ashenzari_altar_1

Action                   || total
-------------------------++-------
Melee: Falchion          ||    70
  Use: Scroll            ||     1
